 Dungeon Crawl Stone Soup version 0.27.1 (webtiles) character file.

Game seed: 4937176729761328736

67 MajorAdolf the Sneak (level 4, -2/40 HPs)
             Began as a Naga Wanderer on Aug 31, 2021.
             Slain by a hobgoblin (3 damage)
             ... led by Robin
             ... on level 2 of the Dungeon on Sept 1, 2021.
             The game lasted 00:06:48 (2099 turns).

MajorAdolf the Sneak (Naga Wanderer)                Turns: 2099, Time: 00:06:48

Health: -2/40      AC:  9    Str: 14    XL:     4   Next: 18%
Magic:  4/4        EV:  1    Int: 14    God:
Gold:   55         SH:  0    Dex: 10    Spells: 3/3 levels left

rFire    . . .     SeeInvis +   f - +0 whip
rCold    . . .     Faith    .   (no shield)
rNeg     . . .     Spirit   .   k - +0 plate armour
rPois    +         Reflect  .   j - +0 helmet
rElec    .         Harm     .   (no cloak)
rCorr    .         Rampage  .   m - +0 pair of gloves
Will     .....                  (no barding)
Stlth    ..........             (no amulet)
HPRegen  0.13/turn              (no ring)
MPRegen  0.09/turn              (no ring)

@: very slow
A: AC +1, large, see invisible, deformed body, poison resistance, slowness 2,
spit poison 1, naga tail 1
a: Spit Poison


You were on level 2 of the Dungeon.
You visited 1 branch of the dungeon, and saw 2 of its levels.

You collected 55 gold pieces.

Inventory:

Hand Weapons
 f - a +0 whip (weapon)
Missiles
 b - 4 throwing nets
Armour
 j - a +0 helmet (worn)
 k - a +0 plate armour (worn)
 m - a +0 pair of gloves (worn)
Scrolls
 n - 2 scrolls of identify {unknown}
Potions
 g - a potion of haste {unknown}
 i - a potion of might {unknown}
 l - a potion of cancellation {unknown}
Miscellaneous
 d - a piece from Xom's chessboard (15/15)


   Skills:
 + Level 2.9 Fighting
 - Level 1.0(1.2) Maces & Flails
 - Level 1.0(1.2) Staves
 - Level 1.0 Throwing
 - Level 1.6 Armour
 - Level 1.0 Dodging
 + Level 3.6 Stealth
 + Level 1.0 Conjurations
 + Level 0.9 Fire Magic
 + Level 1.4 Poison Magic
 - Level 1.0 Evocations


You had 3 spell levels left.
You didn't know any spells.
Your spell library contained the following spells:

 Spells                   Type           Power      Damage    Failure   Level
 Sublimation of Blood     Necr           0%         N/A       100%        2
 Ignite Poison            Fire/Tmut/Pois 2%         N/A       100%        3
 Mephitic Cloud           Conj/Pois/Air  2%         N/A       100%        3
 Petrify                  Tmut/Erth      0%         N/A       100%        4
 Bolt of Magma            Conj/Fire/Erth 0%         4d4       100%        5
 Irradiate                Conj/Tmut      0%         3d14      100%        5


Dungeon Overview and Level Annotations

Branches:
Dungeon (2/15)

Altars:


Innate Abilities, Weirdness & Mutations

Your serpentine skin is tough. (AC +1)
You have supernaturally acute eyesight. (SInv)
Armour fits poorly on your strangely shaped body.
Your system is resistant to poisons. (rPois)
You cover ground very slowly.
You can spit poison.
You have a snake-like lower body.


Message History

Unknown command.
You feel better.
The hobgoblin hits you but does no damage.
The kobold hits you but does no damage. The goblin hits you but does no damage.
The goblin hits you with a +0 dagger.
* * * LOW HITPOINT WARNING * * *
Unknown command.
You barely miss the hobgoblin.
The hobgoblin is heavily wounded.
The hobgoblin hits you.
* * * LOW HITPOINT WARNING * * *
The kobold hits you but does no damage.
The goblin hits you but does no damage. x2
The hobgoblin hits you but does no damage.
You feel better. The kobold hits you but does no damage.
The goblin hits you with a +0 dagger.
* * * LOW HITPOINT WARNING * * *
The goblin hits you but does no damage.
The hobgoblin hits you but does no damage.
You feel better. The kobold completely misses you.
The goblin hits you but does no damage. The goblin hits you with a +0 dagger.
* * * LOW HITPOINT WARNING * * *
The hobgoblin hits you.
* * * LOW HITPOINT WARNING * * *
Unknown command.
You hit the hobgoblin but do no damage.
The hobgoblin is heavily wounded.
The kobold hits you but does no damage. The goblin hits you but does no damage.
The goblin hits you with a +0 dagger.
* * * LOW HITPOINT WARNING * * *
The hobgoblin hits you but does no damage.
You completely miss the hobgoblin.
The hobgoblin is heavily wounded.
The kobold hits you with a +0 dagger.
* * * LOW HITPOINT WARNING * * *
The goblin hits you with a +0 dagger.
* * * LOW HITPOINT WARNING * * *
The goblin hits you with a +0 dagger.
* * * LOW HITPOINT WARNING * * *
The hobgoblin hits you.
You die...

........##...............##......
....).....†##..#.##.#.......#..##
######.>##..##)#.##...##.####..##
.....###.#))..###.###.##......
#.##........#...^..# #.##.#..## #
#.###...##[.##### #>##.#.... #.#
###..##)# #.##.#.### #.# ##..gg#
#.##.#.# ..# #.##@# #†##.#.#
#..gK# #.##.#.### ####.#
#.##<#.... ..# #.##.##### ###
#.##.# #....# ######


You could see a hobgoblin, 2 goblins and a kobold.

Vanquished Creatures
  Robin (D:2)
  2 gnolls (D:2)
  A worm (D:1)
  A dart slug (D:2)
  3 ball pythons (D:1)
  An endoplasm (D:1)
  5 goblins
  2 hobgoblins (D:2)
  4 jackals (D:1)
  3 quokkas (D:2)
  3 bats
  A frilled lizard (D:2)
  4 kobolds
  2 rats
33 creatures vanquished.

Vanquished Creatures (others)
  82 plants (D:2)
82 creatures vanquished.

Grand Total: 115 creatures vanquished

Notes
Turn   | Place    | Note
-------+----------+-------------------------------------------
     0 | D:1      | MajorAdolf the Naga Wanderer began the quest for the Orb.
     0 | D:1      | MajorAdolf set off with the following items: a +0 club, 4
                  | throwing nets, a potion of curing, a piece from Xom's
                  | chessboard (15/15), a +0 leather armour
     0 | D:1      | Reached XP level 1. HP: 19/19 MP: 1/1
   164 | D:1      | Reached skill level 2 in Stealth
   265 | D:1      | Reached XP level 2. HP: 14/27 MP: 2/2
   647 | D:1      | Reached skill level 3 in Stealth
  1380 | D:2      | Reached XP level 3. HP: 33/33 MP: 3/3
  1404 | D:2      | Reached skill level 1 in Poison Magic
  1941 | D:2      | Noticed Robin
  2008 | D:2      | Killed Robin
  2009 | D:2      | Reached XP level 4. HP: 27/40 MP: 4/4
  2021 | D:2      | Reached skill level 1 in Conjurations
  2093 | D:2      | HP: 1/40 [hobgoblin[Robin] (2)]
  2099 | D:2      | HP: 2/40 [goblin[Robin] (1)]
  2099 | D:2      | Slain by a hobgoblin

Illustrated notes

Levels and vault maps discovered:
D:1:      wander_arrival_peaceful_grave, layout_basic
D:2:      wad_woods_stonehenge, layout_loops_ring,
          ebering_ecumenical_altar_sacrificial, moated_statue,
          minmay_pentomino_r2, uniq_robin

Skill      XL: |  1  2  3  4 |
---------------+-------------+-----
Stealth        | 2 3 |  3.6
Poison Magic   | 1 |  1.4
Conjurations   | 1 |  1.0
Fighting       | |  2.9
Maces & Flails | |  1.0
Staves         | |  1.0
Throwing       | |  1.0
Armour         | |  1.6
Dodging        | |  1.0
Fire Magic     | |  0.9
Evocations     | |  1.0

Action                   |  1- 3 |  4- 6 || total
-------------------------+-------+-------++-------
Melee: Whip              |    77 |    38 ||   115
       Club              |     2 |       ||     2
 Abil: Spit Poison       |    26 |     3 ||    29
  Use: Scroll            |     1 |       ||     1
       Potion            |       |     3 ||     3
 Stab: Sleeping          |     2 |       ||     2
Armor: Leather armour    |    14 |       ||    14
       Plate armour      |    32 |    89 ||   121
Dodge: Dodged            |    19 |     8 ||    27
